 Dungeon Crawl Stone Soup version 0.21-a0-95-g06f091e (webtiles) character file.

38 4thArraOfDagon the Vexing (level 3, 0/24 HPs)
             Began as a Demonspawn Enchanter on July 4, 2017.
             Slain by an adder (1 damage)
             ... on level 3 of the Dungeon.
             The game lasted 00:03:57 (1080 turns).

4thArraOfDagon the Vexing (Demonspawn Enchanter)    Turns: 1080, Time: 00:03:58

Health: 0/24       AC:  3    Str:  8    XL:     3   Next: 25%
Magic:  0/6        EV: 18    Int: 17    God:
Gold:   33         SH:  0    Dex: 18    Spells: 0/6 levels left

rFire    . . .     SeeInvis .   a - +1 dagger
rCold    + . .     Gourm    .   (no shield)
rNeg     . . .     Faith    .   b - +1 robe
rPois    +         Spirit   +   (no helmet)
rElec    .         Reflect  .   (no cloak)
rCorr    .         Harm     .   (no gloves)
MR       .....                  (no boots)
Stlth    +++.......             (no amulet)
HPRegen  0.08/turn              e - ring of poison resistance
MPRegen  0.10/turn              (no ring)

@: agile
A: cold resistance 1, magic shield
a: no special abilities


You were on level 3 of the Dungeon.
You were not hungry.

You visited 1 branch of the dungeon, and saw 4 of its levels.

You collected 33 gold pieces.

Inventory:

Hand Weapons
 a - a +1 dagger (weapon)
Armour
 b - a +1 robe (worn)
Jewellery
 e - a ring of poison resistance (left hand)
Books
 c - a book of Maledictions

   Spells                             Type                      Level
   a - Corona                         Hexes                        1
   b - Ensorcelled Hibernation        Hexes/Ice                    2
   c - Confuse                        Hexes                        3
   d - Tukima's Dance                 Hexes                        3
   e - Dazzling Spray                 Conjuration/Hexes            3
Comestibles
 d - 2 bread rations


   Skills:
 - Level 0.8 Short Blades
 - Level 2.0 Dodging
 - Level 2.6 Stealth
 + Level 2.5 Unarmed Combat
 - Level 2.0 Spellcasting
 - Level 3.0 Hexes


You couldn't memorise any spells.
You knew the following spells:

 Your Spells              Type           Power        Failure   Level  Hunger
a - Corona                Hex            ##.....      5%          1    #......
b - Ensorcelled Hibernat  Hex/Ice        #.....       16%         2    ###....
c - Confuse               Hex            ##......     17%         3    ###....


Dungeon Overview and Level Annotations

Branches:
Dungeon (4/15)
 Temple: D:4-7

Altars:
Qazlal


Innate Abilities, Weirdness & Mutations

Your flesh is cold resistant. (rC+)
When hurt, damage is shared between your health and your magic reserves.


Message History

Unknown command.
A bat comes into view.
The adder bites you but does no damage.
Found a green potion.
Unknown command.
The bat misses you.
A dart slug comes into view.
The bat misses you.
Your magical contamination has completely faded away.
Unknown command.
The bat closely misses you. The bat barely misses you. The adder bites you.
* * * LOW HITPOINT WARNING * * *
Unknown command.
The bat closely misses you.
You see here a green potion.
Unknown command.
It was a potion of agility.
You feel agile all of a sudden. The bat closely misses you.
The adder bites you.
You die...

#.##### #.#...
#.#.# #...# ##..#
#..# #####.####..
#######............
.......@Sb.........
#######.###..###.##
.... ...# #
w....###..# ..###.#
#..# . ... #... ...
.#.# ...


You could see an adder and a bat.

Vanquished Creatures
  3 adders (D:2)
  An orc (D:3)
  2 giant cockroaches
  A hobgoblin (D:1)
  A bat (D:1)
  A frilled lizard (D:2)
  4 rats
13 creatures vanquished.

Notes
Turn   | Place    | Note
-------+----------+-------------------------------------------
     0 | D:1      | 4thArraOfDagon the Demonspawn Enchanter began the quest for the Orb.
     0 | D:1      | Reached XP level 1. HP: 13/13 MP: 3/3
   118 | D:2      | Reached skill level 1 in Unarmed Combat
   162 | D:2      | Gained mutation: Your flesh is cold resistant. (rC+) [demonic ancestry]
   162 | D:2      | Reached XP level 2. HP: 13/19 MP: 5/5
   166 | D:2      | Learned a level 2 spell: Ensorcelled Hibernation
   589 | D:2      | Gained mutation: When hurt, damage is shared between your health and your magic reserves. [demonic ancestry]
   589 | D:2      | Reached XP level 3. HP: 13/24 MP: 2/6
   594 | D:2      | Learned a level 3 spell: Confuse
  1043 | D:4      | Found a stormy altar of Qazlal.
  1043 | D:4      | Noticed a water elemental
  1043 | D:4      | Noticed a fire elemental
  1043 | D:4      | Noticed an air elemental
  1043 | D:4      | Noticed an earth elemental
  1043 | D:4      | Noticed a scorpion
  1043 | D:4      | Noticed an ogre
  1071 | D:3      | HP: 1/24 [adder (2)]
  1078 | D:3      | HP: 1/24 [adder (1)]
  1080 | D:3      | Slain by an adder

Vault maps used:
D:1:      mrwooster_arrival_statue_2
D:3:      first_bread
D:4:      nicolae_qazlal_style_of_elements, uniq_eustachio, uniq_menkaure

Skill      XL: |  1  2 |
---------------+-------+-----
Dodging        | 2 |  2.0
Unarmed Combat | 1 2 |  2.5
Short Blades   | |  0.8
Stealth        | |  2.6
Spellcasting   | |  2.0
Hexes          | |  3.0

Action                   || total
-------------------------++-------
Melee: Dagger            ||    48
 Cast: Ensorcelled Hiber ||     9
       Corona            ||     3
  Use: Potion            ||     3
       Scroll            ||     2
 Stab: Sleeping          ||     6
  Eat: Chunk             ||     1
Armor: Robe              ||    11
Dodge: Dodged            ||    48
